 Dungeon Crawl Stone Soup version 0.26-a0-834-g69557b85cc (webtiles) character file.

Game seed: 968294767179417262

86 robertstho the Magician (level 4, 0/24 HPs)
             Began as a Deep Elf Fire Elementalist on Nov 16, 2020.
             Slain by an orc
             ... wielding a +0 mace
              (5 damage)
             ... on level 3 of the Dungeon.
             The game lasted 00:03:49 (2241 turns).

robertstho the Magician (DEFE)                      Turns: 2241, Time: 00:03:50

Health: 0/24       AC:  5    Str:  5    XL:     4   Next: 26%
Magic:  7/12       EV: 12    Int: 21    God:
Gold:   160        SH:  0    Dex: 11    Spells: 11/12 levels left

rFire    . . .     SeeInvis .   g - +2 dagger (venom)
rCold    . . .     Faith    .   (no shield)
rNeg     . . .     Spirit   .   a - +0 robe
rPois    .         Reflect  .   (no helmet)
rElec    .         Harm     .   (no cloak)
rCorr    .         Rampage  .   q - +1 pair of gloves
MR       .....                  k - +0 pair of boots
Stlth    ++........             (no amulet)
HPRegen  0.08/turn              b - -4 ring of dexterity (curse)
MPRegen  0.13/turn              (no ring)

@: no status effects
A: no striking features
a: no special abilities


You were on level 3 of the Dungeon.
You visited 1 branch of the dungeon, and saw 3 of its levels.

You collected 160 gold pieces.

Inventory:

Hand Weapons
 g - a +2 dagger of venom (weapon)
Missiles
 d - 14 poisoned darts (quivered)
Armour
 a - a +0 robe (worn)
 k - a +0 pair of boots (worn)
 q - a +1 pair of gloves (worn)
Jewellery
 b - a cursed -4 ring of dexterity (left hand)
 h - an uncursed amulet of regeneration {unknown}
Scrolls
 c - a scroll of amnesia {unknown}
 f - a scroll of immolation {unknown}
 j - a scroll of remove curse {unknown}
 m - a scroll of noise {unknown}
 o - a scroll of enchant armour {unknown}
 r - a scroll of blinking {unknown}
Potions
 e - 2 potions of degeneration {unknown}
 i - a potion of ambrosia {unknown}
 l - a potion of curing {unknown}
 n - 2 potions of flight {unknown}
 p - 2 potions of berserk rage {unknown}


   Skills:
 + Level 2.7 Dodging
 + Level 2.7 Stealth
 * Level 4.5 Spellcasting
 + Level 1.4 Conjurations
 * Level 4.4 Fire Magic


You had 11 spell levels left.
You knew the following spells:

 Your Spells              Type           Power        Failure   Level
a - Foxfire               Conj/Fire      ###.         3%          1

Your spell library contained the following spells:

 Spells                   Type           Power        Failure   Level
 Conjure Flame            Conj/Fire      ###.....     10%         3
 Inner Flame              Hex/Fire       ##......     14%         3
 Sticky Flame             Conj/Fire      ###.....     32%         4
 Fireball                 Conj/Fire      ###.......   67%         5


Dungeon Overview and Level Annotations

Branches:
Dungeon (3/15)

Altars:


Message History

The orc hits you but does no damage.
Unknown command.
You hit the orc.
The orc is severely wounded.
The orc closely misses you.
You barely miss the orc.
The orc is severely wounded.
The orc hits you but does no damage. The orc barely misses you.
You completely miss the orc.
The orc is heavily wounded.
The orc hits you with a +0 mace! The orc closely misses you.
You barely miss the orc.
The orc is heavily wounded.
The orc hits you with a +0 mace!
* * * LOW HITPOINT WARNING * * *
The orc barely misses you.
You hit the orc but do no damage.
The orc is poisoned.
The orc is heavily wounded.
The orc hits you with a +0 mace.
You die...

.###....†.##.#...#...............
.# #......##.##..#.######...#####
.# ######........#.# #...# ##
#.##.##..#.# .....# #.##.##..#.#
#....# #.##.......# ....# #####
#.#####..### ... #...##
#....##)o# .###.## #......o@# ##
##.####...##### # #.......## ##
##.####### .###.## #...## #####


You could see 2 orcs.

Vanquished Creatures
  3 adders
  2 worms
  A leopard gecko (D:2)
  4 orcs
  2 ball pythons
  3 goblins
  11 hobgoblins
  2 jackals (D:3)
  A quokka (D:2)
  10 bats
  A frilled lizard (D:1)
  3 kobolds
  4 rats
47 creatures vanquished.

Vanquished Creatures (others)
  142 foxfires
142 creatures vanquished.

Grand Total: 189 creatures vanquished

Notes
Turn   | Place    | Note
-------+----------+-------------------------------------------
     0 | D:1      | robertstho the Deep Elf Fire Elementalist began the quest
                  | for the Orb.
     0 | D:1      | Reached XP level 1. HP: 10/10 MP: 6/6
   203 | D:1      | Reached XP level 2. HP: 15/15 MP: 1/8
   883 | D:2      | Reached XP level 3. HP: 19/19 MP: 1/10
  2036 | D:3      | Reached XP level 4. HP: 24/24 MP: 8/12
  2241 | D:3      | Slain by an orc

Illustrated notes

Levels and vault maps discovered:
D:1:      lightli_arrival_statuegarden, layout_rooms,
          chequers_hall_statues_wall_a, minmay_distorted
D:2:      layout_basic, minmay_tripent
D:3:      layout_loops_cross, yredelemnul_altar_generic, general_overflow_altar

Skill      XL: |  1  2  3 |
---------------+----------+-----
Fire Magic     | 4 |  4.4
Spellcasting   | 4 |  4.5
Dodging        | |  2.7
Stealth        | |  2.7
Conjurations   | |  1.4

Action                   |  1- 3 |  4- 6 || total
-------------------------+-------+-------++-------
Melee: Dagger            |    10 |    11 ||    21
       Unarmed           |     1 |       ||     1
 Cast: Foxfire           |    75 |    18 ||    93
Armor: Robe              |    11 |     6 ||    17
Dodge: Dodged            |    25 |    20 ||    45

Table legend: (Time is in decaauts)
 A = Elapsed time spent in this place.
 B = Non-inter-level travel time spent in this place.
 C = Inter-level travel time spent in this place.
 D = Time resting spent in this place.
 E = Time spent auto-exploring this place.
 F = Levels seen in this place.
 G = Mean time per level.
                   A        B        C        D        E       F      G
               +--------+--------+--------+--------+--------+-----+--------+
         Total |   2238 |   2128 |    110 |      0 |   1829 |   3 |  746.0 |
       Dungeon |   2238 |   2128 |    110 |      0 |   1829 |   3 |  746.0 |
               +--------+--------+--------+--------+--------+-----+--------+

Top non-repeatable levels by time:
     D:2: 1073 daAuts
     D:1: 873 daAuts
     D:3: 291 daAuts
